 Dungeon Sprint DCSS version 0.25-a0-713-g4845790874 (webtiles) character file.

Game seed: 4030813101848267507, levelgen mode: deterministic

232323 Ankalagon the Cloud Mage (level 17, -11/155 HPs)
             Began as a Demonspawn Ice Elementalist on Apr 5, 2020.
             Was an Initiate of Gozag.
             Mangled by an Orb Guardian (39 damage)
             ... in the Dungeon (Sprint III: "The Ten Rune Challenge").
             The game lasted 01:50:08 (15213 turns).

Ankalagon the Cloud Mage (DsIE)                    Turns: 15213, Time: 01:50:08

Health: -11/155    AC: 36    Str: 10    XL:     17   Next: 87%
Magic:  0/39       EV: 22    Int: 27    God:    Gozag
Gold:   3190       SH:  3    Dex: 13    Spells: 10/53 levels left

rFire    + + .     SeeInvis +   q - +6 lajatang (vamp) {!w}
rCold    + + .     Gourm    .   (shield currently unavailable)
rNeg     + + +     Faith    .   e - +6 ice dragon scales
rPois    .         Spirit   +   B - +2 hat {SInv}
rElec    .         Reflect  +   z - +2 cloak "Virr" {rN+}
rCorr    +         Harm     .   A - +3 pair of gauntlets of War {Slay+5}
MR       +....     Clarity  +   u - +2 pair of boots {Fly} Stlth +++.......NoTele +
                                K - amulet "Qoopes" {Reflect rF+ rN+ Int-2 SH+3}
HPRegen  0.35/turn              U - ring of Temptation {+Blink rF+ Int+4}
MPRegen  0.52/turn              l - ring of resist corrosion

@: flying, very slightly contaminated, deflect missiles
A: antennae 2, clarity, clever 1, demonic guardian 1, fire resistance 1,
negative energy resistance 1, magic shield, magic regeneration, sturdy frame 3
}: 3/10 runes: serpentine, barnacled, silver
a: Potion Petition, Call Merchant, Bribe Branch, Renounce Religion, Evoke Blink,
Stop Flying


You were in the Dungeon.
You worshipped Gozag.
Gozag was most pleased with you.
You were not hungry.

You visited 1 branch You collected 33139 gold pieces.
You spent 14130 gold pieces at shops.
You paid 15819 gold pieces to Gozag.

Inventory:

Hand Weapons
 m - a +2 lajatang of pain
 q - a +6 vampiric lajatang (weapon) {!w}
Missiles
 a - 4 silver javelins
 g - 2 throwing nets (quivered)
 E - 7 curare-tipped darts
Armour
 e - +6 ice dragon scales (worn)
 s - a +0 buckler
 u - a +2 pair of boots of flying (worn)
 z - the +2 cloak "Virr" (worn) {rN+}
   (You bought it in a shop in the Dungeon)

   It protects you from negative energy.
 A - the +3 pair of gauntlets of War (worn) {Slay+5}
   (You bought it in a shop in the Dungeon)

   It affects your accuracy and damage with ranged weapons and melee attacks
   (+5).
 B - a +2 hat of see invisible (worn)
Magical Staves
 S - an uncursed staff of air
Jewellery
 l - a ring of resist corrosion (right hand)
 t - the amulet "Xuseeg" {Harm *Drain Int+6 Dex+5}
   (You bought it in a shop in the Dungeon)

   [amulet of harm]

   It increases damage dealt and taken.
   It affects your intelligence (+6).
   It affects your dexterity (+5).
   It causes draining when unequipped.
 y - the ring of Kel Oria {rElec MP+9 Slay-4 SInv}
   (You acquired it in the Dungeon)

   [ring of see invisible]

   It affects your accuracy and damage with ranged weapons and melee attacks
   (-4).
   It insulates you from electricity.
   It affects your magic capacity (+9).
   It lets you see invisible.
 G - the ring "Daucias" {MR+ Int+2 Dex+4}
   (You bought it in a shop in the Dungeon)

   [ring of protection from magic]

   It affects your intelligence (+2).
   It affects your dexterity (+4).
   It affects your resistance to hostile enchantments.
 K - the amulet "Qoopes" (around neck) {Reflect rF+ rN+ Int-2 SH+3}
   (You found it in the Dungeon)

   [amulet of reflection]

   It shields you and reflects attacks.
   It affects your intelligence (-2).
   It protects you from fire.
   It protects you from negative energy.
   It affects your SH (+3).
 L - an uncursed ring of protection from fire
 M - an uncursed ring of protection from fire
 P - the amulet of the Curious Ghosts {RegenMP rC+ Slay+2}
   (You found it in the Dungeon)

   [amulet of magic regeneration]

   It increases your magic regeneration.
   It affects your accuracy and damage with ranged weapons and melee attacks
   (+2).
   It protects you from cold.
 U - the ring of Temptation (left hand) {+Blink rF+ Int+4}
   (You bought it in a shop in the Dungeon)

   [ring of protection from fire]

   It affects your intelligence (+4).
   It protects you from fire.
   It lets you blink.
Wands
 N - a wand of iceblast (17)
 T - a wand of acid (3)
 V - a wand of disintegration (10)
Scrolls
 b - a scroll of fear
 d - 5 scrolls of immolation
 i - a scroll of blinking
 j - 3 scrolls of amnesia
 p - 3 scrolls of identify
 w - a scroll of remove curse
 D - a scroll of vulnerability
 H - a scroll of silence
 J - a scroll of fog
 R - a scroll of acquirement
Potions
 f - 4 potions of haste
 h - 3 potions of might
 k - a potion of resistance
 n - 4 potions of mutation
 o - a potion of berserk rage
 v - a potion of brilliance
 x - 7 potions of curing
 C - 2 potions of stabbing
 F - 2 potions of cancellation
 I - a potion of ambrosia
Miscellaneous
 O - a box of beasts
 Q - a phantom mirror
 W - the horn of Geryon
Comestibles
 c - 17 rations


   Skills:
 + Level 19.9 Fighting
 - Level 14.1 Staves
 + Level 17.1 Armour
 + Level 18.8 Dodging
 - Level 6.8 Stealth
 - Level 6.3 Shields
 - Level 18.9 Spellcasting
 - Level 15.3 Conjurations
 - Level 7.7 Hexes
 - Level 7.2 Charms
 - Level 7.8 Summonings
 - Level 8.0 Translocations
 - Level 14.9 Ice Magic
 - Level 26.0 Air Magic
 - Level 8.8 Evocations


You had 10 spell levels left.
You knew the following spells:

 Your Spells              Type           Power        Failure   Level  Hunger
a - Summon Ice Beast      Ice/Summ       ######..     1%          4    None
c - Ozocubu's Armour      Chrm/Ice       ######..     1%          3    None
e - Freeze                Ice            ####         0%          1    None
g - Metabolic Englaciati  Hex/Ice        ######....   1%          5    None
q - Blink                 Tloc           N/A          1%          2    None
r - Frozen Ramparts       Ice            ######       0%          3    None
t - Hailstorm             Conj/Ice       #######.     1%          4    None
v - Deflect Missiles      Chrm/Air       #######...   1%          6    ##.....
y - Freezing Cloud        Conj/Ice/Air   #######...   1%          6    ##.....
T - Tornado               Air            ########..   5%          9    #######

Your spell library contained the following spells:

 Spells                   Type           Power        Failure   Level  Hunger
 Magic Dart               Conj           ####         0%          1    None
 Call Imp                 Summ           ######..     1%          2    None
 Ensorcelled Hibernation  Hex/Ice        ######       1%          2    None
 Slow                     Hex            ######..     1%          2    None
 Confusing Touch          Hex            ######..     1%          3    None
 Conjure Flame            Conj/Fire      ######..     1%          3    None
 Gell's Gravitas          Tloc           ######....   1%          3    None
 Mephitic Cloud           Conj/Pois/Air  #######.     1%          3    None
 Recall                   Summ/Tloc      N/A          1%          3    None
 Stone Arrow              Conj/Erth      ######       1%          3    None
 Cause Fear               Hex            ######....   1%          4    None
 Ice Form                 Ice/Tmut       ######..     1%          4    None
 Summon Lightning Spire   Summ/Air       #######.     1%          4    None
 Silence                  Hex/Air        #######...   1%          5    None
 Conjure Ball Lightning   Conj/Air       #######...   1%          6    ##.....
 Ozocubu's Refrigeration  Ice            #######...   1%          6    ##.....
 Sandblast                Erth           ####..       2%          1    None
 Aura of Abjuration       Summ           ######....   2%          5    None
 Summon Demon             Summ           ######....   2%          5    None
 Summon Forest            Summ/Tloc      ######....   2%          5    None
 Summon Mana Viper        Hex/Summ       ######..     2%          5    None
 Passwall                 Tmut/Erth      ####....     3%          2    None
 Yara's Violent Unravell  Hex/Tmut       #####.....   13%         5    None
 Darkness                 Hex            ######....   14%         6    ##.....
 Shadow Creatures         Summ           N/A          14%         6    ##.....
 Simulacrum               Ice/Necr       ######....   16%         6    ##.....
 Petrify                  Tmut/Erth      ####....     22%         4    None
 Borgnjor's Vile Clutch   Necr/Erth      ####......   54%         5    None
 Lee's Rapid Deconstruct  Erth           ####......   54%         5    None
 Discord                  Hex            ######....   99%         8    ######.
 Shatter                  Erth           ####......   100%        9    #######


Dungeon Overview and Level Annotations

Branches:
Dungeon (1/1)

Altars:
Cheibriados
Dithmenos
Elyvilon
Fedhas
Gozag
Hepliaklqana
Kikubaaqudgha
Makhleb
Nemelex Xobeh
Okawaru
Qazlal
Ru
Sif Muna
Trog
Uskayaw
Vehumet
Wu Jian
Xom
Yredelemnul
Zin
The Shining One
Beogh
Jiyva
Lugonu

Shops:
D [(!:=*[=*((=%[*:?}%}!*(?%(}?[!=:[?

Annotations:
D exclusion: 2 doors


Innate Abilities, Weirdness & Mutations

You have a pair of antennae on your head.
A weak demonic guardian rushes to your aid.
You resist negative energy. (rN+)
When hurt, damage is shared between your health and your magic reserves.
You regenerate magic rapidly.
Your movements are significantly less encumbered by armour. (ER -6)
You possess an exceptional clarity of mind.
Your mind is acute. (Int +2)
Your flesh is heat resistant. (rF+)


Message History

Confirm with . or Enter, or press ? or * to list all spells.
Aiming: Freezing Cloud (safe; 1% risk of failure)
Press: ? - help, Dir - move target cursor, f/p - Orb Guardian
Aim: an Orb Guardian (almost dead, berserk, fast, unusually strong) Really fire in your shadow imp's direction?
That beam is likely to hit you.
Continue anyway?
You are engulfed in freezing vapours.
You resist.
* * * LOW HITPOINT WARNING * * *
The Orb Guardian is engulfed in freezing vapours. x2
The Orb Guardian hits your shadow imp!!!
Your shadow imp dies!
The Orb Guardian is engulfed in freezing vapours.
The Orb Guardian is engulfed in freezing vapours. x3
You feel much better.
The Orb Guardian is engulfed in freezing vapours.
The Orb Guardian closely misses you.
The Orb Guardian is engulfed in freezing vapours. x2
The Orb Guardian hits you!!!
You die...
Your body crumbles into a pile of gold.

.'#.#.#.#.#.#.#.#▓.▓....▓{{*≈≈≈*,
.#.#.#.#.#.#.#.#.▓X▓C▓▓▓▓*{*≈≈≈*,
#####▓▓▓▓▓▓▓▓▓▓▓▓▓)▓..,,*,,*,,,*,
°§°..▓....'.^..▓§C.▓$..,*,**,,,*,
☼(°..▓.).)▓...P▓§▓▓▓....*,,*****,
☼....).)..▓.P.^▓§▓,+....▓*,*,,,*,
☼..[.▓....▓.^.P▓X▓,▓▓▓▓▓▓,,*,,,*,
.....▓....▓.PP.▓X▓,,,,,,+,**,,,+,
#####▓....▓PPP.'@▓***************
▓▓▓▓▓▓▓▓▓▓▓▓▓


You could see a frost giant and 2 Orb Guardians.

Vanquished Creatures
  the Royal Jelly (D)
  Mara (D)
  Mennas (D)
  Sojobo (D)
  Boris (D)
  A Killer Klown (D)
  Geryon (D)
  2 golden dragons (D)
  Nikola (D)
  3 bone dragons (D)
  Rupert (D)
  4 deep elf blademasters (D)
  A lich (D)
  2 quicksilver dragons (D)
  A kraken (D)
  9 acid blobs (D)
  2 sphinxes (D)
  An Executioner (D)
  An ancient champion (D)
  Frances (D)
  Chuck (D)
  Gastronok (D)
  Roxanne (D)
  A storm dragon (D)
  3 shadow dragons (D)
  11 azure jellies (D)
  Donald (D)
  A nagaraja (D)
  A fire giant (D)
  2 ghost moths (D)
  3 stone giants (D)
  3 vampire knights (D)
  2 deep elf demonologists (D)
  2 deep elf annihilators (D)
  2 dire elephants (D)
  A minotaur (shapeshifter) (D)
  Azrael (D)
  A yellow draconian (D)
  2 deep elf death magi (D)
  3 mummy priests (D)
  A fire dragon (D)
  5 death oozes (D)
  4 yaktaur captains (D)
  A naga warrior (D)
  17 vault guards (D)
  2 hydras (D)
  Erica (D)
  2 hell beasts (D)
  An anaconda (D)
  An ogre mage (D)
  3 centaur warriors (D)
  4 death yaks (D)
  4 orc high priests (D)
  2 soul eaters (D)
  Urug (D)
  A titan zombie (D)
  2 sun demons (D)
  4 deep elf knights (D)
  7 skeletal warriors (D)
  An anaconda zombie (D)
  A shadow wraith (D)
  A death drake (D)
  A spriggan druid (D)
  A golden dragon zombie (D)
  A kraken simulacrum (D)
  An unseen horror (D)
  A glowing orange brain (D)
  2 obsidian statues (D)
  A spectral iron dragon (D)
  3 orc knights (D)
  A lindwurm (D)
  A lindwurm (shapeshifter) (D)
  4 deep elf magi (D)
  2 oklob plants (D)
  4 crystal guardians (D)
  3 shining eyes (D)
  4 ugly things (D)
  A shining eye (shapeshifter) (D)
  A moth of wrath (D)
  2 elephants (D)
  A molten gargoyle (D)
  6 black mambas (D)
  6 statues (D)
  A guardian serpent (D)
  2 spiny frogs (D)
  2 iron troll simulacra (D)
  A rime drake (D)
  10 yaktaurs (D)
  A komodo dragon (D)
  A yaktaur (shapeshifter) (D)
  2 ice devils (D)
  4 guardian mummies (D)
  4 spriggan defenders (D)
  2 tyrant leeches (D)
  A queen bee (D)
  3 hornets (D)
  10 slime creatures (D)
  4 snapping turtles (D)
  6 blink frogs (D)
  3 wandering mushrooms (D)
  3 redbacks (D)
  A shadow (D)
  2 spriggans (D)
  A golden eye (D)
  2 nagas (D)
  A spatial vortex (D)
  5 water moccasins (D)
  3 hydra simulacra (D)
  A swamp drake (D)
  5 floating eyes (D)
  An orc warrior (D)
  A black mamba simulacrum (D)
  A centaur (D)
  An earth elemental (D)
  32 killer bees (D)
  5 electric eels (D)
  4 orc priests (D)
  Jessica (D)
  2 orc wizards (D)
  A wizard (D)
  3 necromancers (D)
  A polar bear simulacrum (D)
  A wolf simulacrum (D)
  A kobold demonologist (D)
  3 humans (D)
  An adder zombie (D)
  A phantom (D)
  9 orcs (D)
  A bat zombie (D)
  A bat simulacrum (D)
  A giant cockroach zombie (D)
  A leopard gecko zombie (D)
  A quokka zombie (D)
  3 rats (D)
  A ballistomycete spore (D)
  4 bushes (D)
  4 butterflies (D)
  20 plants (D)
  3 tentacles (D)
382 creatures vanquished.

Vanquished Creatures (collateral kills)
  A quicksilver dragon (D)
  An azure jelly (D)
  2 anacondas (D)
  An alligator snapping turtle (D)
  An ugly thing (D)
  A snapping turtle (D)
  2 blink frogs (D)
  A necrophage (D)
  A centaur (D)
  A water elemental (D)
  A jelly (D)
  An orc (D)
  A bush (D)
15 creatures vanquished.

Vanquished Creatures (others)
  2 draconian scorchers (D)
  A ghost moth (D)
  Nessos (D)
  4 dancing weapons (D)
  2 statues (D)
  6 hellions (D)
  3 yaktaurs (D)
  6 ball lightnings (D)
  A ballistomycete spore (D)
  A bush (D)
  12 plants (D)
  10 tentacles (D)
49 creatures vanquished.

Grand Total: 446 creatures vanquished

Notes
Turn   | Place    | Note
-------+----------+-------------------------------------------
     0 | D        | Ankalagon the Demonspawn Ice Elementalist began the quest
                  | for the Orb.
     0 | D        | Reached XP level 1. HP: 13/13 MP: 3/3
    90 | D        | Killed a hellion
   117 | D        | Killed a hellion
   118 | D        | Killed a hellion
   119 | D        | Killed a hellion
   119 | D        | Killed a hellion
   175 | D        | Killed a hellion
   240 | D        | Killed a yaktaur
   240 | D        | Killed a white draconian scorcher
   263 | D        | Killed a white draconian scorcher
   270 | D        | Noticed Jessica
   303 | D        | Killed Jessica
   303 | D        | Reached skill level 5 in Ice Magic
   303 | D        | Gained mutation: When hurt, damage is shared between your
                  | health and your magic reserves. [demonic ancestry]
   303 | D        | Reached XP level 2. HP: 16/19 MP: 1/7
   428 | D        | Gained mutation: A weak demonic guardian rushes to your
                  | aid. [demonic ancestry]
   428 | D        | Reached XP level 3. HP: 9/24 MP: 0/8
   575 | D        | Gained mutation: You have an increased reservoir of magic.
                  | (+10% MP) [potion of mutation]
   575 | D        | Gained mutation: You are frail. (-10% HP) [potion of
                  | mutation]
   575 | D        | Gained mutation: You have a pair of small horns on your
                  | head. [potion of mutation]
   575 | D        | Gained mutation: You have sharp toenails. [potion of
                  | mutation]
   606 | D        | Learned a level 3 spell: Frozen Ramparts
   610 | D        | Learned a level 3 spell: Ozocubu's Armour
   653 | D        | Noticed a water elemental
   656 | D        | Killed a yaktaur
   658 | D        | Killed a water elemental
   658 | D        | Lost mutation: You have a pair of small horns on your head.
                  | [demonic ancestry]
   658 | D        | Gained mutation: You have a pair of small antennae on your
                  | head. [demonic ancestry]
   658 | D        | Reached XP level 4. HP: 13/27 MP: 0/12
   815 | D        | Learned a level 4 spell: Hailstorm
   856 | D        | Noticed a shadow
   868 | D        | Killed a shadow
   868 | D        | Reached XP level 5. HP: 31/31 MP: 1/13
   945 | D        | Found a blossoming altar of Fedhas.
   945 | D        | Found a stormy altar of Qazlal.
   945 | D        | Found a snail-covered altar of Cheibriados.
   945 | D        | Found a burning altar of Makhleb.
   945 | D        | Found a shimmering altar of Xom.
   945 | D        | Noticed a spatial vortex
   946 | D        | Found a hazy altar of Hepliaklqana.
   946 | D        | Found an opulent altar of Gozag.
   946 | D        | Found a sparkling altar of Nemelex Xobeh.
   946 | D        | Found a corrupted altar of Lugonu.
   946 | D        | Found a viscous altar of Jiyva.
   964 | D        | Found a radiant altar of Vehumet.
   964 | D        | Found a shimmering blue altar of Sif Muna.
   964 | D        | Found an ancient bone altar of Kikubaaqudgha.
   967 | D        | Gained mutation: Your movements are slightly less
                  | encumbered by armour. (ER -2) [demonic ancestry]
   967 | D        | Reached XP level 6. HP: 34/36 MP: 7/14
  1051 | D        | Became a worshipper of Gozag Ym Sagoz the Greedy
  1053 | D        | Killed a spatial vortex
  1112 | D        | Found a basalt altar of Yredelemnul.
  1112 | D        | Found a shadowy altar of Dithmenos.
  1112 | D        | Found a sacrificial altar of Ru.
  1216 | D        | Found a hide-covered altar of Uskayaw.
  1216 | D        | Found an iron altar of Okawaru.
  1217 | D        | Found a roughly hewn altar of Beogh.
  1217 | D        | Found a bloodstained altar of Trog.
  1218 | D        | Found an ornate altar of the Wu Jian Council.
  1218 | D        | Noticed a human
  1218 | D        | Noticed a human
  1224 | D        | Killed a human
  1224 | D        | Reached XP level 7. HP: 37/40 MP: 3/15
  1227 | D        | Killed a human
  1227 | D        | Reached skill level 5 in Stealth
  1326 | D        | Found a glowing silver altar of Zin.
  1326 | D        | Found a glowing golden altar of the Shining One.
  1326 | D        | Found a white marble altar of Elyvilon.
  1326 | D        | Noticed a deep elf mage
  1332 | D        | Killed a deep elf mage
  1332 | D        | Gained mutation: Your movements are less encumbered by
                  | armour. (ER -4) [demonic ancestry]
  1332 | D        | Reached XP level 8. HP: 16/45 MP: 1/16
  1548 | D        | Learned a level 4 spell: Summon Ice Beast
  1563 | D        | Noticed Erica
  1573 | D        | Noticed an orc high priest
  1595 | D        | Killed an orc high priest
  1661 | D        | Reached skill level 5 in Spellcasting
  1704 | D        | Noticed an orc high priest
  1708 | D        | Killed an orc high priest
  1708 | D        | Reached skill level 5 in Fighting
  1708 | D        | Gained mutation: You regenerate magic rapidly. [demonic
                  | ancestry]
  1708 | D        | Reached XP level 9. HP: 43/60 MP: 3/21
  1720 | D        | Noticed an orc knight
  1813 | D        | Killed an orc knight
  1991 | D        | Killed Erica
  2029 | D        | Found Radood's Assorted Antiques.
  2084 | D        | Bought a bloodstained robe for 131 gold pieces
  2094 | D        | Identified the +1 robe of Zegesug {rC- Str+4} (You bought
                  | it in a shop in the Dungeon)
  2102 | D        | Bought a steaming war axe for 195 gold pieces
  2102 | D        | Bought a scroll labeled UVEUGE OLUQ for 23 gold pieces
  2109 | D        | Identified the +4 war axe "Noteged" {freeze, MR+} (You
                  | bought it in a shop in the Dungeon)
  2112 | D        | Bought a buckler for 103 gold pieces
  2149 | D        | Reached skill level 1 in Shields
  2227 | D        | Noticed a centaur warrior
  2234 | D        | Killed a centaur warrior
  2234 | D        | Reached XP level 10. HP: 25/72 MP: 5/25
  2476 | D        | Bought a scroll labeled DATA WAJUKKOG for 30 gold pieces
  2476 | D        | Bought a slimy bone amulet for 150 gold pieces
  2476 | D        | Bought a pair of runed boots for 225 gold pieces
  2476 | D        | Bought a scroll of identify for 60 gold pieces
  2476 | D        | Identified the amulet "Xuseeg" {Harm *Drain Int+6 Dex+5}
                  | (You bought it in a shop in the Dungeon)
  2487 | D        | Bought a grey potion for 27 gold pieces
  2487 | D        | Bought a jewelled quarterstaff for 270 gold pieces
  2487 | D        | Identified the +4 quarterstaff of the Unspeakable One
                  | {freeze, *Drain +Rage Int+9} (You bought it in a shop in
                  | the Dungeon)
  2512 | D        | Reached skill level 10 in Fighting
  2584 | D        | Bought a potion of curing for 90 gold pieces
  2586 | D        | Bought a scroll of acquirement for 624 gold pieces
  2587 | D        | Identified the ring of Kel Oria {rElec MP+9 Slay-4 SInv}
                  | (You acquired it in the Dungeon)
  2600 | D        | Learned a level 5 spell: Metabolic Englaciation
  2608 | D        | Noticed an unseen horror
  2615 | D        | Killed an unseen horror
  2742 | D        | Reached skill level 10 in Ice Magic
  2792 | D        | Noticed a spiny frog
  2792 | D        | Noticed a spiny frog
  2809 | D        | Killed a spiny frog
  2814 | D        | Killed a spiny frog
  2819 | D        | Reached XP level 11. HP: 52/82 MP: 6/26
  3073 | D        | Noticed a lindwurm
  3075 | D        | Killed a lindwurm
  3124 | D        | Noticed Urug
  3218 | D        | Killed Urug
  3299 | D        | Bought the +2 cloak "Virr" {rN+} for 385 gold pieces
  3304 | D        | Bought a +1 pair of gloves of strength for 247 gold pieces
  3347 | D        | Noticed a dire elephant
  3360 | D        | Noticed a dire elephant
  3362 | D        | Killed a dire elephant
  3499 | D        | Killed a dire elephant
  3549 | D        | Noticed Gastronok
  3561 | D        | Killed Gastronok
  3561 | D        | Reached skill level 10 in Spellcasting
  3645 | D        | Noticed an azure jelly
  3646 | D        | Noticed an azure jelly
  3646 | D        | Noticed an azure jelly
  3648 | D        | Noticed an azure jelly
  3650 | D        | Noticed Rupert
  3674 | D        | Killed Rupert
  3674 | D        | Gained mutation: Your movements are significantly less
                  | encumbered by armour. (ER -6) [demonic ancestry]
  3674 | D        | Reached XP level 12. HP: 72/89 MP: 29/29
  3695 | D        | Bought a scroll labeled ALOPYESTRUPN for 37 gold pieces
  3695 | D        | Bought a scroll labeled JYRPHA WIECH for 37 gold pieces
  3695 | D        | Bought a brown potion for 33 gold pieces
  3695 | D        | Bought a scroll of identify for 74 gold pieces
  3695 | D        | Bought a scroll of identify for 74 gold pieces
  3695 | D        | Bought a fizzy grey potion for 33 gold pieces
  3695 | D        | Bought a fuming brown potion for 33 gold pieces
  3695 | D        | Bought a bronze ring for 185 gold pieces
  3780 | D        | Noticed a six-headed hydra
  3780 | D        | Noticed an eight-headed hydra
  3797 | D        | Killed a six-headed hydra
  3797 | D        | Reached skill level 15 in Conjurations
  3797 | D        | Killed an eight-headed hydra
  3853 | D        | Noticed a kraken
  3862 | D        | Killed a kraken
  3862 | D        | Reached skill level 10 in Dodging
  3958 | D        | Noticed an alligator snapping turtle
  3959 | D        | Found Xekunin's Jewellery Boutique.
  3959 | D        | Found Paophenu's Antique Weapon Shop.
  3959 | D        | Found Ikeus's Food Emporium.
  3990 | D        | Killed an alligator snapping turtle
  3990 | D        | Reached skill level 5 in Armour
  4169 | D        | Got a barnacled rune of Zot
  4177 | D        | Bought a +2 lajatang of pain for 891 gold pieces
  4255 | D        | Noticed a death yak
  4256 | D        | Noticed a death yak
  4258 | D        | Noticed a death yak
  4261 | D        | Noticed a death yak
  4266 | D        | Killed a death yak
  4270 | D        | Killed a death yak
  4272 | D        | Killed a death yak
  4291 | D        | Killed a death yak
  4595 | D        | Noticed an anaconda
  4601 | D        | Killed an anaconda
  4658 | D        | Noticed an anaconda
  4658 | D        | Noticed an anaconda
  4666 | D        | Killed an anaconda
  4666 | D        | Reached skill level 1 in Hexes
  4666 | D        | Reached XP level 13. HP: 81/94 MP: 28/30
  4701 | D        | Noticed a nagaraja
  4707 | D        | Found Eneafab's Antique Weapon Boutique.
  4707 | D        | Found Seleifan's Distillery.
  4710 | D        | Killed a nagaraja
  4710 | D        | Reached skill level 10 in Armour
  4713 | D        | Found Xefoamoho's Book Shop.
  4786 | D        | Got a serpentine rune of Zot
  4812 | D        | Bought a potion of heal wounds for 60 gold pieces
  4812 | D        | Bought a potion of ambrosia for 96 gold pieces
  4812 | D        | Bought a potion of degeneration for 12 gold pieces
  4812 | D        | Bought a potion of cancellation for 96 gold pieces
  4821 | D        | Bought the ring "Daucias" {MR+ Int+2 Dex+4} for 758 gold
                  | pieces
  4888 | D        | Killed an azure jelly
  4888 | D        | Reached skill level 5 in Hexes
  4889 | D        | Killed an azure jelly
  4891 | D        | Killed an azure jelly
  4898 | D        | Killed an azure jelly
  5008 | D        | Bought a book of Ice for 910 gold pieces
  5018 | D        | Learned a level 6 spell: Freezing Cloud
  5152 | D        | Noticed a deep elf annihilator
  5155 | D        | Reached skill level 2 in Air Magic
  5155 | D        | Reached skill level 3 in Air Magic
  5155 | D        | Reached skill level 4 in Air Magic
  5155 | D        | Reached skill level 5 in Air Magic
  5156 | D        | Reached skill level 6 in Air Magic
  5164 | D        | Noticed a deep elf annihilator
  5177 | D        | Killed a deep elf annihilator
  5177 | D        | Reached skill level 7 in Air Magic
  5177 | D        | Noticed a deep elf death mage
  5184 | D        | Killed a deep elf death mage
  5186 | D        | Noticed a deep elf death mage
  5187 | D        | Killed a ghostly deep elf death mage
  5187 | D        | Reached skill level 8 in Air Magic
  5188 | D        | Noticed a deep elf demonologist
  5192 | D        | Killed a deep elf demonologist
  5192 | D        | Reached skill level 9 in Air Magic
  5194 | D        | Killed a deep elf death mage
  5202 | D        | Noticed a deep elf demonologist
  5215 | D        | Killed a deep elf demonologist
  5215 | D        | Reached skill level 10 in Air Magic
  5411 | D        | Killed a deep elf annihilator
  5411 | D        | Reached skill level 11 in Air Magic
  5417 | D        | Noticed a deep elf blademaster
  5435 | D        | Killed a deep elf blademaster
  5435 | D        | Reached skill level 12 in Air Magic
  5511 | D        | Identified the Guide on the Mountains
  5512 | D        | Got a flickering bone amulet
  5514 | D        | Got a fine leather armour
  5516 | D        | Got a fine dagger
  5522 | D        | Learned a level 2 spell: Blink
  5523 | D        | Got a bound platinum ring
  5523 | D        | Got a shimmering tin amulet
  5559 | D        | Bought a scroll of identify for 46 gold pieces
  5559 | D        | Identified the amulet "Qoopes" {Reflect rF+ rN+ Int-2 SH+3}
                  | (You found it in the Dungeon)
  5697 | D        | Noticed Donald
  5697 | D        | Noticed Frances
  5701 | D        | Killed Donald
  5701 | D        | Gained mutation: You resist negative energy. (rN+) [demonic
                  | ancestry]
  5701 | D        | Reached XP level 14. HP: 100/100 MP: 24/32
  5701 | D        | Killed Frances
  5948 | D        | Bought a book of the Sky for 910 gold pieces
  5957 | D        | Learned a level 6 spell: Deflect Missiles
  6108 | D        | Reached skill level 1 in Charms
  6198 | D        | Noticed Azrael
  6201 | D        | Killed Azrael
  6201 | D        | Reached skill level 5 in Charms
  6272 | D        | Identified the +0 cloak "Ysolasar" {rElec rPois MP-9
                  | Stlth+} (You acquired it in the Dungeon)
  6695 | D        | Found Dop Qoa's Gadget Emporium.
  6695 | D        | Found Omawn's Antique Armour Shop.
  6695 | D        | Found Bicucij's Antique Armour Shoppe.
  6695 | D        | Found Plog's Antique Weapon Boutique.
  6695 | D        | Found Laduc's Magic Scroll Emporium.
  6695 | D        | Found Pergh's Book Shop.
  6695 | D        | Found Gued Omu's Jewellery Emporium.
  6695 | D        | Found Atozxoj's Distillery.
  6696 | D        | Found Bussoy's Food Boutique.
  6696 | D        | Found Lakint's Magic Scroll Shoppe.
  6696 | D        | Found Voacuffu's Weapon Shop.
  6696 | D        | Found Vocvuint's General Store.
  6836 | D        | Identified the +1 leather armour of Beyond {rC+} (You found
                  | it in the Dungeon)
  6837 | D        | Identified the ring "Laenui" {rN+ Str+3} (You found it in
                  | the Dungeon)
  6849 | D        | Identified the cursed +0 dagger of Dismemberment {flame,
                  | Str+3 Stlth+} (You found it in the Dungeon)
  6859 | D        | Bought a scroll of identify for 28 gold pieces
  6859 | D        | Bought 2 scrolls of identify for 56 gold pieces
  6859 | D        | Identified the amulet of the Curious Ghosts {RegenMP rC+
                  | Slay+2} (You found it in the Dungeon)
  6872 | D        | Bought the +3 pair of gauntlets of War {Slay+5} for 1045
                  | gold pieces
  6872 | D        | Found the +3 pair of gauntlets of War {Slay+5}
  6885 | D        | Bought a scroll of remove curse for 42 gold pieces
  6903 | D        | Bought a potion of resistance for 140 gold pieces
  6903 | D        | Bought a scroll of fog for 28 gold pieces
  6903 | D        | Bought a cursed ring of attention for 63 gold pieces
  6914 | D        | Bought a scroll of fear for 49 gold pieces
  6917 | D        | Bought a scroll of enchant armour for 105 gold pieces
  6981 | D        | Reached skill level 1 in Staves
  7092 | D        | Reached skill level 5 in Evocations
  7103 | D        | Got a polished quick blade
  7104 | D        | Identified the +1 quick blade "Rurphireo" {venom, rElec
                  | MR+} (You found it in the Dungeon)
  7129 | D        | Reached skill level 5 in Staves
  7147 | D        | Noticed a storm dragon
  7147 | D        | an anaconda changed into a storm dragon
  7147 | D        | Noticed an entropy weaver
  7147 | D        | a storm dragon changed into an entropy weaver
  7149 | D        | an entropy weaver changed into a satyr
  7156 | D        | Noticed an azure jelly
  7156 | D        | a dire elephant changed into an azure jelly
  7160 | D        | Noticed a stone giant
  7160 | D        | an azure jelly changed into a stone giant
  7161 | D        | Noticed a fire giant
  7161 | D        | a stone giant changed into a fire giant
  7162 | D        | a fire giant changed into a catoblepas
  7163 | D        | Noticed an emperor scorpion
  7163 | D        | a catoblepas changed into an emperor scorpion
  7166 | D        | an emperor scorpion changed into a minotaur
  7238 | D        | Noticed Chuck
  7242 | D        | Found the +7 Singing Sword {vorpal, sonic wave}
  7261 | D        | Killed Chuck
  7312 | D        | Noticed Sojobo
  7346 | D        | Killed Sojobo
  7585 | D        | Noticed a lich
  7645 | D        | Noticed a reaper
  7858 | D        | Killed a lich
  7878 | D        | Noticed a shadow dragon
  7878 | D        | Noticed a shadow dragon
  7915 | D        | Killed a shadow dragon
  8109 | D        | Killed a shadow dragon
  8232 | D        | Noticed a golden dragon
  8232 | D        | Noticed a quicksilver dragon
  8232 | D        | Noticed a quicksilver dragon
  8232 | D        | Noticed a shadow dragon
  8232 | D        | Noticed a fire giant
  8232 | D        | Noticed a quicksilver dragon
  8232 | D        | Noticed a stone giant
  8232 | D        | Noticed a golden dragon
  8234 | D        | Gained mutation: Your spells are a little easier to cast,
                  | but a little less powerful. [a shining eye]
  8257 | D        | Reached XP level 15. HP: 101/108 MP: 18/33
  8305 | D        | Killed a quicksilver dragon
  8305 | D        | Reached skill level 15 in Dodging
  8501 | D        | Killed a quicksilver dragon
  8509 | D        | Killed a shadow dragon
  8563 | D        | Killed a fire giant
  8691 | D        | Reached skill level 15 in Fighting
  8748 | D        | Killed a golden dragon
  8849 | D        | Killed a quicksilver dragon
  9110 | D        | Noticed a bone dragon
  9135 | D        | Killed a bone dragon
  9210 | D        | Bought shiny ice dragon scales for 1386 gold pieces
  9223 | D        | Bought a scroll of enchant armour for 105 gold pieces
  9223 | D        | Bought a scroll of identify for 28 gold pieces
  9223 | D        | Bought a scroll of identify for 28 gold pieces
  9271 | D        | Bought a scroll of enchant armour for 127 gold pieces
  9271 | D        | Bought a scroll of magic mapping for 59 gold pieces
  9272 | D        | Bought a scroll of enchant weapon for 127 gold pieces
  9272 | D        | Bought a scroll of enchant weapon for 127 gold pieces
  9344 | D        | Bought a scroll of enchant weapon for 90 gold pieces
  9344 | D        | Bought a scroll of enchant armour for 90 gold pieces
  9426 | D        | Noticed a bone dragon
  9467 | D        | Killed a bone dragon
  9897 | D        | Bought a scroll of enchant weapon for 90 gold pieces
  9918 | D        | Noticed Mara
  9919 | D        | Noticed Ankalagon's illusion
  9947 | D        | Killed Mara
  9947 | D        | Reached skill level 14 in Air Magic
  9948 | D        | Reached skill level 15 in Air Magic
  9948 | D        | Gained mutation: You have a pair of antennae on your head.
                  | [demonic ancestry]
  9948 | D        | Reached XP level 16. HP: 98/128 MP: 2/34
 10035 | D        | Noticed an ancient champion
 10055 | D        | Killed an ancient champion
 10055 | D        | Reached skill level 16 in Air Magic
 10128 | D        | Noticed a storm dragon
 10129 | D        | Noticed Nikola
 10151 | D        | Killed a storm dragon
 10167 | D        | Killed Nikola
 10167 | D        | Reached skill level 17 in Air Magic
 10212 | D        | Found Muxkos's Distillery.
 10212 | D        | Found Oxtawerph's Food Shop.
 10213 | D        | Found Joidacaff's Gadget Shop.
 10213 | D        | Found Ditor's Gadget Emporium.
 10218 | D        | Reached skill level 18 in Air Magic
 10243 | D        | Bought a potion of curing for 33 gold pieces
 10243 | D        | Bought a potion of curing for 33 gold pieces
 10243 | D        | Bought a potion of curing for 33 gold pieces
 10243 | D        | Bought a potion of curing for 33 gold pieces
 10243 | D        | Bought a potion of heal wounds for 55 gold pieces
 10243 | D        | Bought a potion of haste for 110 gold pieces
 10243 | D        | Bought a potion of might for 44 gold pieces
 10394 | D        | Found a blossoming altar of Fedhas.
 10436 | D        | Bought an uncursed ring of protection from fire for 350
                  | gold pieces
 10552 | D        | Identified the +2 chain mail of Crawling {SInv}
 10571 | D        | Reached skill level 19 in Air Magic
 10896 | D        | Noticed Roxanne
 10928 | D        | Found Boemoleq's Food Boutique.
 10949 | D        | Bought amber-encrusted ice dragon scales for 1430 gold
                  | pieces
 10949 | D        | Identified the +2 ice dragon scales "Ofet" {rF- rC++ Int+2}
                  | (You bought it in a shop in the Dungeon)
 11308 | D        | Noticed Boris
 11325 | D        | Killed Boris
 11325 | D        | Reached skill level 20 in Air Magic
 11751 | D        | Noticed Mennas
 11797 | D        | Killed Roxanne
 11868 | D        | Killed Mennas
 11868 | D        | Reached skill level 15 in Spellcasting
 11868 | D        | Reached skill level 21 in Air Magic
 12349 | D        | Noticed an Executioner
 12359 | D        | Killed an Executioner
 12359 | D        | Reached skill level 22 in Air Magic
 12372 | D        | Learned a level 9 spell: Tornado
 12383 | D        | Noticed Nessos
 12389 | D        | Killed Nessos
 12786 | D        | Killed a golden dragon
 12786 | D        | Reached XP level 17. HP: 134/134 MP: 37/42
 12892 | D        | Got a silver rune of Zot
 13097 | D        | Reached skill level 23 in Air Magic
 13106 | D        | Noticed a bone dragon
 13120 | D        | Killed a bone dragon
 13509 | D        | Bought an uncursed ring of resist corrosion for 280 gold
                  | pieces
 13512 | D        | Bought a ration for 50 gold pieces
 13512 | D        | Bought a ration for 50 gold pieces
 13512 | D        | Bought a ration for 50 gold pieces
 13512 | D        | Bought a ration for 50 gold pieces
 13512 | D        | Bought a ration for 50 gold pieces
 13512 | D        | Bought a ration for 50 gold pieces
 13512 | D        | Bought a ration for 50 gold pieces
 13512 | D        | Bought a ration for 50 gold pieces
 13512 | D        | Bought a ration for 50 gold pieces
 13512 | D        | Bought a ration for 50 gold pieces
 13512 | D        | Bought a ration for 50 gold pieces
 13514 | D        | Bought the ring of Temptation {+Blink rF+ Int+4} for 521
                  | gold pieces
 13585 | D        | Noticed an acid blob
 13608 | D        | Killed an acid blob
 13608 | D        | Reached skill level 24 in Air Magic
 14185 | D        | Lost mutation: You have an increased reservoir of magic.
                  | (+10% MP) [a shining eye]
 14291 | D        | Lost mutation: You are frail. (-10% HP) [potion of
                  | mutation]
 14291 | D        | Lost mutation: You have sharp toenails. [potion of
                  | mutation]
 14291 | D        | Lost mutation: Your spells are a little easier to cast, but
                  | a little less powerful. [potion of mutation]
 14291 | D        | Gained mutation: Your flesh is heat resistant. (rF+)
                  | [potion of mutation]
 14291 | D        | Gained mutation: You possess an exceptional clarity of
                  | mind. [potion of mutation]
 14291 | D        | Gained mutation: Your mind is acute. (Int +2) [potion of
                  | mutation]
 14302 | D        | Found a viscous altar of Jiyva.
 14302 | D        | Noticed the Royal Jelly
 14305 | D        | Noticed an acid blob
 14307 | D        | Noticed an acid blob
 14310 | D        | Killed an acid blob
 14311 | D        | Noticed an acid blob
 14313 | D        | Noticed an acid blob
 14317 | D        | Killed an acid blob
 14322 | D        | Killed an acid blob
 14329 | D        | Noticed an acid blob
 14331 | D        | Killed an acid blob
 14333 | D        | Noticed an acid blob
 14335 | D        | Noticed an acid blob
 14337 | D        | Noticed an acid blob
 14337 | D        | Killed an acid blob
 14341 | D        | Killed the Royal Jelly
 14341 | D        | Reached skill level 26 in Air Magic
 14342 | D        | Killed an acid blob
 14349 | D        | Killed an acid blob
 14378 | D        | Killed an acid blob
 14881 | D        | Noticed Geryon
 14889 | D        | Reached skill level 15 in Armour
 14908 | D        | Killed Geryon
 15071 | D        | Noticed a deep elf blademaster
 15071 | D        | Noticed a deep elf blademaster
 15072 | D        | Noticed a deep elf blademaster
 15081 | D        | Killed a deep elf blademaster
 15082 | D        | Killed a deep elf blademaster
 15084 | D        | Killed a deep elf blademaster
 15126 | D        | Noticed a Killer Klown
 15138 | D        | Killed a Killer Klown
 15195 | D        | Noticed an Orb Guardian
 15195 | D        | Noticed an Orb Guardian
 15213 | D        | Mangled by an Orb Guardian

Levels and vault maps discovered:
D:        dungeon_sprint_mu [sprint_mu_entry_forest, sprint_mu_temple_rooms,
          sprint_mu_d1_horrors, sprint_mu_d2_genie, sprint_mu_d3_branching,
          sprint_mu_orc_legion, sprint_mu_elf_gauntlet, sprint_mu_hive_nellie,
          sprint_mu_lair_fedhas, sprint_mu_vaults_butterflies,
          sprint_mu_slime_circle, sprint_mu_shoals_kraken,
          sprint_mu_snake_twists, sprint_mu_blade_basic,
          sprint_mu_crypt_chambers, sprint_mu_tomb_spiral,
          sprint_mu_vestibule_basic, sprint_mu_gehenna_hellfire,
          sprint_mu_dis_giant, sprint_mu_tartarus_statrot,
          sprint_mu_cocytus_islands, sprint_mu_zot1]

Skill      XL: |  1  2  3  4  5  6  7  8  9 10 11 12 13 14 15 16 17 |
---------------+----------------------------------------------------+-----
Spellcasting   | 4 7 9 10 11 17 18 | 18.9
Ice Magic      | 5 7 8 9 11 14 | 14.9
Conjurations   | 9 11 14 15 | 15.3
Dodging        | 4 6 9 12 14 16 18 | 18.8
Stealth        | 4 6 |  6.8
Summonings     | 7 |  7.8
Fighting       | 5 8 11 17 19 | 19.9
Shields        | 6 |  6.3
Armour         | 9 11 12 14 17 | 17.1
Hexes          | 1 7 |  7.7
Air Magic      | 12 15 22 26 | 26.0
Translocations | 4 8 |  8.0
Charms         | 7 |  7.2
Staves         | 14 | 14.1
Evocations     | 8 |  8.8

Action                   |  1- 3 |  4- 6 |  7- 9 | 10-12 | 13-15 | 16-18 || total
-------------------------+-------+-------+-------+-------+-------+-------++-------
Melee: Unarmed           |    21 |       |       |       |       |       ||    21
       Mace              |    12 |     5 |     7 |       |       |       ||    24
       Kick              |     1 |     1 |     3 |       |       |       ||     5
       War axe           |       |       |     5 |    41 |     2 |       ||    48
       Lajatang          |       |       |       |       |   405 |   643 ||  1048
       Staff             |       |       |       |       |    14 |       ||    14
Throw: Javelin           |       |       |       |     2 |       |       ||     2
 Cast: Freeze            |    16 |    13 |     6 |    21 |     6 |       ||    62
       Ozocubu's Armour  |     1 |       |       |     1 |       |       ||     2
       Frozen Ramparts   |       |     3 |    12 |    21 |    19 |     7 ||    62
       Hailstorm         |       |     5 |    20 |    73 |   106 |    32 ||   236
       Summon Ice Beast  |       |       |     2 |    35 |    34 |       ||    71
       Metabolic Englaci |       |       |       |     2 |     3 |     1 ||     6
       Freezing Cloud    |       |       |       |       |    30 |    24 ||    54
       Deflect Missiles  |       |       |       |       |     5 |     3 ||     8
       Blink             |       |       |       |       |     6 |     1 ||     7
       Tornado           |       |       |       |       |       |     7 ||     7
Invok: Call Merchant     |       |       |       |     6 |     2 |     3 ||    11
       Potion Petition   |       |       |       |       |     2 |     4 ||     6
 Abil: Stop Flying       |       |       |       |       |     1 |       ||     1
       Evoke Flight      |       |       |       |       |     1 |       ||     1
Evoke: Wand              |       |       |       |       |     3 |     4 ||     7
       Phantom mirror    |       |       |       |       |       |     2 ||     2
  Use: Potion            |     2 |     2 |       |       |     6 |     3 ||    13
       Scroll            |       |       |       |     8 |    20 |     2 ||    30
 Stab: Sleeping          |     1 |       |       |     2 |     5 |     7 ||    15
       Distracted        |       |       |     1 |     1 |    12 |     7 ||    21
  Eat: Ration            |       |     1 |     2 |     2 |     8 |     7 ||    20
Armor: Robe              |     6 |       |       |     5 |       |       ||    11
       Ring mail         |       |       |       |    15 |   131 |       ||   146
       Ice dragon scales |       |       |       |       |    44 |   280 ||   324
Dodge: Dodged            |    34 |     7 |    13 |    99 |   390 |   393 ||   936
       Deflected         |       |       |       |       |     6 |    32 ||    38
Block: Buckler           |       |       |       |    24 |    23 |       ||    47
       Other             |       |       |       |       |    13 |    43 ||    56
       Reflection        |       |       |       |       |       |     3 ||     3

Table legend:
 A = Non-vault XP
 B = Vault XP
 C = Vault XP percentage of total XP
 D = Non-vault monster count
 E = Vault monster count
 F = Vault count percentage of total count
                 A         B        C        D         E       F
            +---------+---------+-------+---------+---------+-------
      Total |    1048 |  279761 |  99.6 |       3 |     348 |  99.1
            +---------+---------+-------+---------+---------+-------
          D |    1048 |  279761 |  99.6 |       3 |     348 |  99.1
            +---------+---------+-------+---------+---------+-------
